 Dungeon Crawl Stone Soup version 0.31-a0-167-g1c394c0614 (webtiles) character file.

Game seed: 7587500507371476649

695 Dittersdorf the Covered (level 7, -2/44 HPs)
             Began as a Gargoyle Fighter on June 14, 2023.
             Slain by a hound (4 damage)
             ... on level 5 of the Dungeon.
             The game lasted 00:03:57 (4240 turns).

Dittersdorf the Covered (Gargoyle Fighter)          Turns: 4240, Time: 00:03:57

Health: -2/44      AC: 14    Str: 21    XL:     7   Next: 64%
Magic:  7/7        EV:  7    Int:  9    God:
Gold:   158        SH:  8    Dex:  9    Spells: 6/6 levels left

rFire   . . .        r - +1 flail (drain)
rCold   + . .        b - +0 kite shield
rNeg    + . .        q - +0 chain mail
rPois   ∞            (no helmet)
rElec   +            (no cloak)
rCorr   .            (no gloves)
SInv    .            (no boots)
Will    .....        (no amulet) Stlth
                     o - ring of wizardry
HPRegen 0.27/turn    u - ring of protection from cold
MPRegen 0.10/turn

%: wizardry (x1)
@: no status effects
A: sickness immunity, AC +4, negative energy resistance 1, electricity
resistance, torment resistance 1, petrification resistance
a: no special abilities


You were on level 5 of the Dungeon.
You visited 1 branch of the dungeon, and saw 5 of its levels.

You collected 158 gold pieces.

Inventory:

Hand Weapons
 r - a +1 flail of draining (weapon)
Missiles
 p - 3 curare-tipped darts
Armour
 b - a +0 kite shield (worn)
 i - a +0 plate armour
 q - a +0 chain mail (worn)
Jewellery
 o - a ring of wizardry (left hand)
 u - a ring of protection from cold (right hand)
Scrolls
 a - a scroll of blinking {unknown}
 c - a scroll of fear {unknown}
 e - 3 scrolls of identify {unknown}
 g - a scroll of torment {unknown}
 h - 5 scrolls of teleportation {unknown}
 k - a scroll of poison {unknown}
 s - a scroll of revelation {unknown}
Potions
 d - a potion of might
 f - 3 potions of curing {unknown}
 j - a potion of enlightenment {unknown}
 l - 2 potions of heal wounds {unknown}
 m - 2 potions of attraction {unknown}
 n - a potion of resistance {unknown}


   Skills:
 + Level 5.5 Fighting
 + Level 4.4 Maces & Flails
 + Level 5.5 Armour
 + Level 5.5 Shields


You had 6 spell levels left.
You didn't know any spells.
Your spell library contained the following spells:

 Spells                   Type           Power      Damage    Failure   Level
 Kiss of Death            Conj/Necr      0%         2d5       89%         1
 Ensorcelled Hibernation  Hex/Ice        0%         N/A       96%         2
 Confusing Touch          Hex            0%         N/A       99%         3
 Gell's Gravitas          Tloc           0%         N/A       99%         3
 Spider Form              Tmut/Pois      0%         N/A       99%         3
 Teleport Other           Tloc           0%         N/A       99%         3
 Anguish                  Hex/Necr       0%         N/A       100%        4
 Dispel Undead            Necr           0%         3d6       100%        4
 Dispersal                Tloc           0%         N/A       100%        6
 Borgnjor's Revivificati  Necr           0%         N/A       100%        8
 Necromutation            Tmut/Necr      0%         N/A       100%        8
 Death's Door             Necr           0%         N/A       100%        9


Dungeon Overview and Level Annotations

Branches:
Dungeon (5/15)
 Temple: D:4-7

Altars:
Dithmenos
Makhleb


Innate Abilities, Weirdness & Mutations

You are immune to sickness and miasma.
Your stone body is resilient. (AC +4)
You are immune to poison.
You resist negative energy. (rN+)
You are resistant to electric shocks. (rElec)
You are resistant to unholy torment.
You are immune to petrification.


Message History

You sock the phantom!
The phantom is moderately damaged.
You block the hound's attack. The hound bites you but does no damage.
The iguana bites you. The phantom barely misses you.
You closely miss the phantom.
The phantom is moderately damaged.
The hound bites you but does no damage. You block the phantom's attack.
The iguana bites you!
* * * LOW HITPOINT WARNING * * *
The hound bites you but does no damage.
You miss the phantom.
The phantom is moderately damaged.
You block the hound's attack. The phantom closely misses you.
The iguana bites you but does no damage.
You block the hound's attack.
The phantom hits you but does no damage.
The iguana bites you.
* * * LOW HITPOINT WARNING * * *
You sock the phantom!
The phantom is severely damaged.
The hound bites you but does no damage. You block the hound's attack.
The iguana barely misses you. You block the phantom's attack.
You hit the phantom.
The phantom is severely damaged.
The hound barely misses you.
The phantom hits you but does no damage.
You block the iguana's attack. The hound bites you.
* * * LOW HITPOINT WARNING * * *
You block the hound's attack.
Things that are here:
a +0 dagger; a +0 robe; an orc corpse The phantom attacks as you move away!
You block the phantom's attack. The hound bites you but does no damage.
The iguana closely misses you. The hound bites you but does no damage.
The hound attacks as you move away! The hound barely misses you.
You block the iguana's attack. The iguana attacks as you move away!
You block the iguana's attack. The hound attacks as you move away!
You block the hound's attack. The hound bites you.
You die...

#.#####.#.# ###.#...######### #.#
###.#.# ##...## #.# #...#.#
##..#..## #.###.###.# #..###..#
##+# #.........#
###.##[##.########.>.
..###.#######....†.#.......##....
.## #.#.####..#.##.##.#..#.......
..###....#...####.W)####..#......
..'.........##$.@h(..??##.+......
[.###....##..####l..####..#......
.####.....##..#.##.##.#).###.....
####......###....#.#....## ##....
..........# ###.##[##..## ##...
≈≈≈≈§§≈...# #..###)..# ##+#
..§§≈≈§§..# #...#....# #.#
8...._≈≈.## #.#.....#########.#
..≈≈≈≈§§.# #..###.............


You could see a phantom, an iguana and a hound.

Vanquished Creatures
  Edmund (D:3)
  A black bear (D:5)
  An ogre (D:4)
  An ice beast (D:5)
  An orc priest (D:4)
  An iguana (D:4)
  3 orc wizards (D:5)
  3 gnolls (D:2)
  5 adders
  2 worms
  A dart slug (D:4)
  10 orcs
  4 ball pythons
  8 bats
  9 endoplasms
  2 giant cockroaches
  6 goblins
  8 hobgoblins
  9 jackals
  5 quokkas
  5 frilled lizards
  9 kobolds
  4 rats (D:1)
99 creatures vanquished.

Notes
Turn   | Place    | Note
-------+----------+-------------------------------------------
     0 | D:1      | Dittersdorf the Gargoyle Fighter began the quest for the
                  | Orb.
     0 | D:1      | Reached XP level 1. HP: 14/14 MP: 1/1
    92 | D:1      | Reached XP level 2. HP: 19/19 MP: 2/2
   296 | D:1      | Reached XP level 3. HP: 23/23 MP: 3/3
   880 | D:2      | Reached XP level 4. HP: 29/29 MP: 4/4
  1161 | D:2      | Identified the +0 robe of Belar {-Tele rN+ Int+5 Stlth+}
  1624 | D:3      | Reached XP level 5. HP: 33/33 MP: 5/5
  2087 | D:4      | Noticed Edmund
  2101 | D:3      | Killed Edmund
  2102 | D:3      | Reached XP level 6. HP: 20/39 MP: 6/6
  3048 | D:5      | Entered Level 5 of the Dungeon
  3144 | D:4      | Reached skill level 5 in Fighting
  3144 | D:4      | Reached skill level 5 in Shields
  3264 | D:5      | Reached skill level 5 in Armour
  3264 | D:5      | Reached XP level 7. HP: 44/44 MP: 7/7
  3458 | D:5      | Found a shadowy altar of Dithmenos.
  3498 | D:5      | Found a burning altar of Makhleb.
  4236 | D:5      | HP: 1/44 [hound (3)]
  4240 | D:5      | Slain by a hound

Illustrated notes

Levels and vault maps discovered:
D:1:      giann_wishing_wells, layout_loops_ring
D:2:      minmay_evil_eye, layout_loops_ring
D:3:      layout_loops_ring
D:4:      layout_loops_corners, uniq_edmund
D:5:      layout_loops_corners, mainiacjoe_overflow_cross_hatched,
          mainiacjoe_overflow_catwalk, temple_hall_moat,
          minmay_fractal_squares_gapless_5

Skill      XL: |  1  2  3  4  5  6  7 |
---------------+----------------------+-----
Fighting       | 4 5 |  5.5
Shields        | 4 5 |  5.5
Armour         | 4 5 |  5.5
Maces & Flails | 3 4 |  4.4

Action                     |  1- 3 |  4- 6 |  7- 9 || total
---------------------------+-------+-------+-------++-------
  Melee: Flail             |   125 |   141 |    54 ||   320
 Armour: Scale mail        |    71 |    34 |       ||   105
         Chain mail        |       |    42 |    43 ||    85
  Dodge: Dodged            |    58 |    51 |    30 ||   139
  Block: Buckler           |    21 |    18 |       ||    39
         Kite shield       |       |    30 |    48 ||    78

Table legend: (Time is in decaauts)
 A = Elapsed time spent in this place.
 B = Non-inter-level travel time spent in this place.
 C = Inter-level travel time spent in this place.
 D = Time resting spent in this place.
 E = Time spent auto-exploring this place.
 F = Levels seen in this place.
 G = Mean time per level.
                   A        B        C        D        E       F      G
               +--------+--------+--------+--------+--------+-----+--------+
         Total |   4346 |   4118 |    228 |    216 |   3120 |   5 |  869.2 |
       Dungeon |   4346 |   4118 |    228 |    216 |   3120 |   5 |  869.2 |
               +--------+--------+--------+--------+--------+-----+--------+

Top non-repeatable levels by time:
     D:4: 1120 daAuts
     D:5: 976 daAuts
     D:2: 820 daAuts
     D:1: 754 daAuts
     D:3: 673 daAuts
